 Dungeon Crawl Stone Soup version 0.28-a0-872-g80cf8599ee (webtiles) character file.

Game seed: 3090305151063407122

473 croobank the Chopper (level 7, 0/43 HPs)
             Began as an Octopode Transmuter on Nov 21, 2021.
             Was an Initiate of Qazlal.
             Slain by a black bear (5 damage)
             ... on level 5 of the Dungeon.
             The game lasted 00:21:57 (3858 turns).

croobank the Chopper (Octopode Transmuter)          Turns: 3858, Time: 00:21:57

Health: 0/43       AC:  1    Str: 11    XL:     7   Next: 10%
Magic:  10/10      EV: 13    Int: 16    God:    Qazlal [......]
Gold:   172        SH:  0    Dex: 18    Spells: 4/10 levels left

rFire   . . .      SeeInvis .   a - +2 battleaxe (drain)
rCold   . . .      Faith    .   (shield currently unavailable)
rNeg    . . .      Spirit   .   (helmet restricted)
rPois   .          Reflect  .   (no amulet)
rElec   .          Harm     .   g - +6 ring of dexterity
rCorr   .          Rampage  .   (no ring)
Will    .....                   (no ring)
Stlth   +++.......              (no ring)
HPRegen 0.14/turn               (no ring)
MPRegen 0.12/turn               (no ring)
                                (no ring)
                                (no ring)

@: no status effects
A: almost no armour, amphibious, 8 rings, camouflage 1, gelatinous body 1,
(nimble swimmer 1), tentacles
a: Renounce Religion


You were on level 5 of the Dungeon.
You worshipped Qazlal.
Qazlal was noncommittal.
You visited 1 branch of the dungeon, and saw 5 of its levels.

You collected 172 gold pieces.

Inventory:

Hand Weapons
 a - a +2 battleaxe of draining (weapon)
 i - a +0 hand axe
Missiles
 c - 126 stones
 h - 66 poisoned darts
 m - 5 curare-tipped darts
Armour
 d - a +0 buckler
Jewellery
 g - a +6 ring of dexterity (left tentacle)
Scrolls
 j - 2 scrolls of torment {unknown}
 l - 2 scrolls of teleportation {unknown}
 n - a scroll of magic mapping {unknown}
 p - a scroll of immolation {unknown}
 q - a scroll of fear {unknown}
Potions
 b - 6 potions of attraction
 e - a potion of ambrosia {unknown}
 f - a potion of heal wounds {unknown}
 k - 3 potions of brilliance {unknown}
 r - a potion of haste {unknown}


   Skills:
 - Level 1.0 Fighting
 * Level 7.1 Axes
 - Level 2.0 Dodging
 - Level 3.0 Unarmed Combat
 - Level 2.0 Spellcasting
 - Level 2.0 Transmutations


You had 4 spell levels left.
You knew the following spells:

 Your Spells              Type           Power      Damage    Failure   Level
a - Beastly Appendage     Tmut           16%        N/A       9%          1
b - Wereblood             Tmut           8%         N/A       14%         2
c - Static Discharge      Conj/Air       1%         N/A       30%         2
d - Sting                 Tmut/Pois      16%        1d3       14%         1

Your spell library contained the following spells:

 Spells                   Type           Power      Damage    Failure   Level
 Poisonous Vapours        Pois/Air       2%         N/A       30%         2
 Spider Form              Tmut/Pois      4%         N/A       38%         3
 Ice Form                 Ice/Tmut       4%         N/A       80%         4
 Olgreb's Toxic Radiance  Pois           1%         N/A       90%         4
 Lightning Bolt           Conj/Air       0%         1d11      99%         5
 Maxwell's Capacitive Co  Air            0%         ∞         100%        8


Dungeon Overview and Level Annotations

Branches:
Dungeon (5/15)             Temple (0/1) D:4

Altars:
Elyvilon
Qazlal
Xom

Shops:
D:2 [   D:3 :

Annotations:
D:4 Ijyb


Innate Abilities, Weirdness & Mutations

You cannot wear most types of armour.
You are amphibious.
You can wear up to eight rings at the same time.
Your skin changes colour to match your surroundings (Stealth+).
Your rubbery body absorbs attacks. (AC +1, EV +1)
((You are camouflaged near water. (Stealth+)))
You have tentacles for arms and can constrict up to eight enemies at once.


Message History

The adder bites you.
You are poisoned.
The adder poisons you!
You feel sick.
You feel sick.
You feel sick. The adder bites you.
* * * LOW HITPOINT WARNING * * *
You are more poisoned.
The adder poisons you!
You closely miss the adder. Your grab misses the adder.
The adder is severely wounded.
You feel sick. The adder barely misses you.
You slash the adder!
You kill the adder!
Qazlal accepts your kill.
You feel sick.
You feel sick.
Things that are here:
a +0 giant club; an ogre corpse You feel sick.
You feel sick.
You feel sick.
You are no longer poisoned.
Found a leather armour.
Found an escape hatch in the floor.
Found a stone staircase leading up.
There is a stone staircase leading up here.
Found a brown potion.
The black bear misses you. The black bear claws you.
* * * LOW HITPOINT WARNING * * *
The black bear claws you.
* * * LOW HITPOINT WARNING * * *
Okay, then.
Okay, then.
Okay, then.
You feel better. The black bear bites you.
* * * LOW HITPOINT WARNING * * *
The black bear claws you but does no damage.
The black bear claws you.
You die...

..#...##.# .#
.....##.###.
.......... .
#...##... ..
#.##.......## #..
.!........ ..
#####..##.###.##...
#.........h@.......
#.....###.###.##..#
##.......<###.#
+.###.###.....# #
...# #.##### ###.#
#.######. #.#
#........
##.###..#####>#
#..............


You could see a black bear.

Vanquished Creatures
  A black bear (D:3)
  An ogre (D:5)
  A scorpion (D:4)
  2 hounds (D:4)
  Jessica (D:2)
  An iguana (D:4)
  A howler monkey skeleton (D:3)
  4 adders
  An ufetubus (D:4)
  A worm (D:5)
  4 dart slugs
  An orc (D:4)
  3 endoplasms
  A giant cockroach (D:2)
  6 goblins
  13 hobgoblins
  3 quokkas
  7 ball pythons
  5 bats
  A frilled lizard (D:1)
  13 kobolds
  2 rats
73 creatures vanquished.

Notes
Turn   | Place    | Note
-------+----------+-------------------------------------------
     0 | D:1      | croobank the Octopode Transmuter began the quest for the
                  | Orb.
     0 | D:1      | Reached XP level 1. HP: 13/13 MP: 3/3
    52 | D:1      | Reached skill level 1 in Axes
    76 | D:1      | Reached XP level 2. HP: 9/18 MP: 5/5
   269 | D:1      | Reached skill level 2 in Axes
   581 | D:1      | Reached XP level 3. HP: 23/23 MP: 4/6
   627 | D:1      | Learned a level 2 spell: Wereblood
   630 | D:1      | Learned a level 2 spell: Static Discharge
  1150 | D:2      | Noticed Jessica
  1150 | D:2      | Found a shimmering altar of Xom.
  1156 | D:2      | Found Mejebru's Antique Armour Boutique.
  1158 | D:2      | Killed Jessica
  1159 | D:2      | Reached skill level 3 in Axes
  1159 | D:2      | Reached XP level 4. HP: 28/28 MP: 5/7
  1493 | D:2      | Reached skill level 4 in Axes
  2168 | D:3      | Learned a level 1 spell: Sting
  2300 | D:3      | Found Ive Kier's Book Boutique.
  2332 | D:3      | Found a faded altar of an unknown god.
  2432 | D:3      | Noticed a black bear
  2437 | D:3      | Killed a black bear
  2438 | D:3      | Reached skill level 5 in Axes
  2438 | D:3      | Reached XP level 5. HP: 33/33 MP: 4/8
  2648 | D:4      | Reached XP level 6. HP: 38/38 MP: 7/9
  2809 | D:4      | Noticed Ijyb
  2914 | D:4      | Reached skill level 6 in Axes
  3000 | D:4      | Found a stormy altar of Qazlal.
  3019 | D:4      | Became a worshipper of Qazlal Stormbringer
  3294 | D:4      | Found a white marble altar of Elyvilon.
  3427 | D:4      | Found a staircase to the Ecumenical Temple.
  3730 | D:5      | Entered Level 5 of the Dungeon
  3779 | D:5      | Reached skill level 7 in Axes
  3779 | D:5      | Reached XP level 7. HP: 43/43 MP: 5/10
  3858 | D:5      | Slain by a black bear

Illustrated notes

Levels and vault maps discovered:
D:1:      wander_arrival_desolate, layout_basic, minmay_tetromino_o2
D:2:      layout_rooms, serial_shops, nicolae_shop_trees, basic_altar,
          uniq_jessica
D:3:      layout_loops_ring, ebering_ecumenical_altar_box, serial_shops,
          nicolae_shop_stone
D:4:      layout_rooms, elyvilon_altar_1, mainiacjoe_overflow_boulevard,
          temple_doors_ab, goddamned_bats, uniq_ijyb
D:5:      layout_basic, serial_rivers, chequers_serial_rivers_micro_e,
          chequers_serial_rivers_room_a, chequers_serial_rivers_room_b,
          chequers_serial_rivers_room_b, kennysheep_generic_room_14

Skill      XL: |  1  2  3  4  5  6 |
---------------+-------------------+-----
Axes           | 1 2 3 5 7 |  7.1
Fighting       | |  1.0
Dodging        | |  2.0
Unarmed Combat | |  3.0
Spellcasting   | |  2.0
Transmutations | |  2.0

Action                   |  1- 3 |  4- 6 |  7- 9 || total
-------------------------+-------+-------+-------++-------
Melee: Unarmed           |    16 |       |       ||    16
       Constrict         |    10 |    15 |       ||    25
       Kick              |     7 |     3 |       ||    10
       Tentacles         |     8 |     8 |     1 ||    17
       Punch             |     3 |       |       ||     3
       Battleaxe         |    30 |    66 |    10 ||   106
 Cast: Beastly Appendage |     8 |    12 |       ||    20
       Wereblood         |       |     8 |       ||     8
       Sting             |       |     1 |       ||     1
  Use: Scroll            |       |     1 |       ||     1
       Potion            |       |       |     1 ||     1
 Stab: Sleeping          |     6 |     3 |       ||     9
Armor: Skin              |     1 |     5 |     2 ||     8
Dodge: Dodged            |    28 |    46 |    10 ||    84

Table legend: (Time is in decaauts)
 A = Elapsed time spent in this place.
 B = Non-inter-level travel time spent in this place.
 C = Inter-level travel time spent in this place.
 D = Time resting spent in this place.
 E = Time spent auto-exploring this place.
 F = Levels seen in this place.
 G = Mean time per level.
                   A        B        C        D        E       F      G
               +--------+--------+--------+--------+--------+-----+--------+
         Total |   3905 |   3769 |    136 |    656 |   2157 |   5 |  781.0 |
       Dungeon |   3905 |   3769 |    136 |    656 |   2157 |   5 |  781.0 |
               +--------+--------+--------+--------+--------+-----+--------+

Top non-repeatable levels by time:
     D:1: 1164 daAuts
     D:4: 1103 daAuts
     D:3: 829 daAuts
     D:2: 675 daAuts
     D:5: 133 daAuts
